 Dungeon Crawl Stone Soup version 0.30-a0-218-gedb9141078 (webtiles) character file.

Game seed: 3374909439483567845

7 IdlyInterested the Stinger (level 1, 0/14 (15) HPs)
             Began as a Demonspawn Wanderer on Oct 5, 2022.
             Slain by a necrophage (3 damage)
             ... on level 2 of the Dungeon.
             The game lasted 00:02:36 (247 turns).

IdlyInterested the Stinger (Demonspawn Wanderer)     Turns: 247, Time: 00:02:37

HP:   0/14 (15)     AC:  2    Str: 11    XL:     1   Next: 83%
MP:   0/4           EV: 11    Int: 18    God:
Gold: 31            SH:  0    Dex:  8    Spells: 4/6 levels left

rFire   . . .      SeeInvis .    a - +0 dagger
rCold   . . .      Faith    .    (no shield)
rNeg    . . .      Spirit   .    d - +0 robe
rPois   .          Reflect  .    (no helmet)
rElec   .          Harm     .    (no cloak)
rCorr   .          Rampage  .    (no gloves)
Will    .....                    (no boots)
Stlth   +.........               (no amulet)
HPRegen 0.22/turn                (no ring)
MPRegen 0.09/turn                (no ring)

@: drained
A: no striking features
a: no special abilities


You were on level 2 of the Dungeon.
You visited 1 branch of the dungeon, and saw 2 of its levels.

You collected 31 gold pieces.

Inventory:

Hand Weapons
 a - a +0 dagger (weapon)
Missiles
 b - 7 poisoned darts
Armour
 d - a +0 robe (worn)
 f - a +0 chain mail
Scrolls
 c - a scroll of fog
Potions
 e - a potion of heal wounds {unknown}


   Skills:
 + Level 1.5 Fighting
 - Level 1.7 Throwing
 + Level 0.8 Armour
 - Level 3.0 Spellcasting
 - Level 3.0 Poison Magic
 - Level 1.0 Evocations


You had 4 spell levels left.
You knew the following spells:

 Your Spells              Type           Power      Damage    Failure   Level
a - Sting                 Tmut/Pois      32%        1d4       9%          1
b - Slow                  Hex            8%         N/A       16%         1

Your spell library contained the following spells:

 Spells                   Type           Power      Damage    Failure   Level
 Cigotuvi's Dreadful Rot  Necr/Pois/Air  12%        N/A       16%         2
 Spider Form              Tmut/Pois      8%         N/A       26%         3
 Portal Projectile        Hex/Tloc       4%         N/A       43%         3


Dungeon Overview and Level Annotations

Branches:
Dungeon (1/15)

Altars:


Message History

Aim: a necrophage (lightly damaged, 68% to hit)
The sting hits the necrophage.
The necrophage is lightly damaged.
The necrophage hits you.
You feel drained.
Aiming: Sting (safe; 9% risk of failure)
Press: ? - help, Q - select action, (/) - cycle Shift-Dir - straight line, f/p - necrophage
Aim: a necrophage (lightly damaged, 68% to hit)
The sting hits the necrophage but does no damage.
The necrophage is lightly damaged.
The necrophage hits you but does no damage.
You closely miss the necrophage.
The necrophage is lightly damaged.
The necrophage hits you but does no damage.
You hit the necrophage.
The necrophage is lightly damaged.
The necrophage closely misses you.
You hit the necrophage.
The necrophage is moderately damaged.
The necrophage misses you.
You hit the necrophage but do no damage.
The necrophage is moderately damaged.
The necrophage completely misses you.
You hit the necrophage.
The necrophage is moderately damaged.
The necrophage closely misses you.
You barely miss the necrophage.
The necrophage is moderately damaged.
The necrophage barely misses you.
You hit the necrophage but do no damage.
The necrophage is moderately damaged.
The necrophage hits you.
* * * LOW HITPOINT WARNING * * *
Unknown command.
Aiming: Sting (safe; 9% risk of failure)
Press: ? - help, Q - select action, (/) - cycle Shift-Dir - straight line, f/p - necrophage
Aim: a necrophage (moderately damaged, 68% to hit)
The sting hits the necrophage.
The necrophage is moderately damaged.
The necrophage hits you.
You die...

###############
#.............#
#.###########.#
#.# ...#.# #.#
######.#.# #.#
.........# #.#
#####...#
#.#.#.#####...#
#.#.......@n..#
#.#.#.#####..##
#.........
#...######
#.... #..###
#..# #..# ....


You could see a necrophage.

Vanquished Creatures
  2 bats (D:1)
  A goblin (D:1)
  A hobgoblin (D:1)
  2 frilled lizards
  A rat (D:1)
7 creatures vanquished.

Notes
Turn   | Place    | Note
-------+----------+-------------------------------------------
     0 | D:1      | IdlyInterested the Demonspawn Wanderer began the quest for
                  | the Orb.
     0 | D:1      | IdlyInterested set off with the following items: a +0
                  | dagger, 7 poisoned darts, a scroll of fog, a +0 robe; and
                  | the following spells available to memorise: Sting, Slow,
                  | Cigotuvi's Dreadful Rot, Spider Form, Portal Projectile.
     0 | D:1      | Reached XP level 1. HP: 15/15 MP: 4/4
     2 | D:1      | Learned a level 1 spell: Sting
   168 | D:1      | Learned a level 1 spell: Slow
   189 | D:1      | You fall into a shaft and drop 1 floor!
   233 | D:2      | Noticed a necrophage
   247 | D:2      | Slain by a necrophage

Illustrated notes

Levels and vault maps discovered:
D:1:      minmay_arrival_nine_rooms, layout_rooms, item_on_display_a
D:2:      layout_basic, minmay_gold_behind_fungi, minmay_misc_feat_nine_boxes,
          uniq_natasha

Action                   || total
-------------------------++-------
Melee: Dagger            ||    11
 Cast: Sting             ||    13
Armor: Robe              ||     5
Dodge: Dodged            ||     8

Table legend: (Time is in decaauts)
 A = Elapsed time spent in this place.
 B = Non-inter-level travel time spent in this place.
 C = Inter-level travel time spent in this place.
 D = Time resting spent in this place.
 E = Time spent auto-exploring this place.
 F = Levels seen in this place.
 G = Mean time per level.
                   A        B        C        D        E       F      G
               +--------+--------+--------+--------+--------+-----+--------+
         Total |    246 |    246 |      0 |     47 |    123 |   2 |  123.0 |
       Dungeon |    246 |    246 |      0 |     47 |    123 |   2 |  123.0 |
               +--------+--------+--------+--------+--------+-----+--------+

Top non-repeatable levels by time:
     D:1: 189 daAuts
     D:2: 57 daAuts
